 Dungeon Crawl Stone Soup version 0.28.0 (webtiles) character file.

Game seed: 5135829776604531

2508 mkm the Cleaver (level 9, -3/121 HPs)
             Began as a Minotaur Berserker on Feb 9, 2022.
             Was a Priest of Trog.
             Shot with an arrow by a centaur (11 damage)
             ... on level 7 of the Dungeon.
             The game lasted 00:24:00 (7249 turns).

mkm the Cleaver (Minotaur Berserker)                Turns: 7249, Time: 00:24:01

Health: -3/121     AC: 13    Str: 23    XL:     9   Next: 28%
Magic:  8/8        EV:  9    Int:  4    God:    Trog [***...]
Gold:   403        SH:  0    Dex: 19    Spells: 8/8 levels left

rFire   . . .      SeeInvis +   q - +1 war axe
rCold   . . .      Faith    .   (no shield)
rNeg    . . .      Spirit   .   G - +0 plate armour
rPois   .          Reflect  .   (helmet restricted)
rElec   .          Harm     .   (no cloak)
rCorr   .          Rampage  .   (no gloves)
Will    ++...                   (no boots)
Stlth   ..........              (no amulet)
HPRegen 1.30/turn               g - ring of see invisible
MPRegen 0.11/turn               b - +6 ring of dexterity

@: berserking, strong-willed, regenerating, studying Short Blades, very quick
A: horns 2, retaliatory headbutt
a: Renounce Religion, Berserk, Trog's Hand


You were on level 7 of the Dungeon.
You worshipped Trog.
Trog was most pleased with you.
You visited 1 branch of the dungeon, and saw 7 of its levels.
You also visited: Sewer.

You collected 403 gold pieces.

Inventory:

Hand Weapons
 m - a +3 spectral club
 q - a +1 war axe (weapon)
Armour
 G - a +0 plate armour (worn)
Jewellery
 b - a +6 ring of dexterity (right hand)
 g - a ring of see invisible (left hand)
 j - an amulet of magic regeneration
 B - a ring of poison resistance
 E - a ring of protection from fire
 H - a +4 ring of evasion
Wands
 s - a wand of iceblast (10)
 t - a wand of acid (5)
Scrolls
 a - 2 scrolls of magic mapping
 e - a scroll of fear
 h - 3 scrolls of teleportation
 i - a scroll of torment {unknown}
 k - a scroll of enchant weapon
 n - a scroll of amnesia {unknown}
 p - a scroll of blinking {unknown}
 r - 2 scrolls of enchant armour
 u - a scroll of fog {unknown}
 y - a scroll of brand weapon {unknown}
 z - a scroll of summoning {unknown}
 A - a scroll of holy word {unknown}
 F - a scroll of immolation {unknown}
Potions
 c - 2 potions of brilliance
 d - a potion of curing {unknown}
 f - 2 potions of lignification
 l - a potion of heal wounds {unknown}
 o - a potion of invisibility {unknown}
 v - a potion of might {unknown}
 x - 3 potions of attraction {unknown}
 C - a potion of berserk rage {unknown}
 D - 2 potions of magic {unknown}
Miscellaneous
 w - a tin of tremorstones (2/2)


   Skills:
 + Level 7.8 Fighting
 + Level 9.8(10.1) Axes
 - Level 3.6(7.2) Maces & Flails
 + Level 7.8 Armour
 + Level 4.3 Dodging
 + Level 1.9 Stealth


You had 8 spell levels left.
You didn't know any spells.
Your spell library was empty.

Dungeon Overview and Level Annotations

Branches:
Dungeon (7/15)             Temple (0/1) D:4           Sewer (visited)

Altars:
Cheibriados
Hepliaklqana

Shops:
D:1 !   D:5 :


Innate Abilities, Weirdness & Mutations

You have a pair of horns on your head.
You reflexively headbutt those who attack you in melee.


Message History

An orc is nearby!
Things that are here:
a +0 dagger; a +0 short sword; an orc corpse
Things that are here:
a +0 dagger; a +0 short sword; an orc corpse
Items here: ))) [[[ ††.
You see here a +0 dagger.
A centaur comes into view.
It is wielding a +2 scimitar of draining.
The centaur shouts!
You hear a shout!
The centaur unwields a +2 scimitar of draining.
The centaur wields a +0 shortbow.
The centaur shoots an arrow.
The arrow hits you.
The centaur shoots an arrow.
The arrow hits you but does no damage.
The centaur shoots an arrow.
The arrow hits you!
The centaur shoots an arrow.
The arrow hits you.
The centaur shoots an arrow.
The arrow hits you!
The centaur shoots an arrow.
The arrow hits you but does no damage.
The centaur shoots an arrow.
The arrow hits you.
The centaur shoots an arrow.
The arrow hits you but does no damage.
The centaur shoots an arrow.
The arrow hits you!
* * * LOW HITPOINT WARNING * * *
Items here: ))) [[[ ††.
Things that are here:
a +0 dagger; a +0 short sword; an orc corpse Your skin crawls.
You feel strong-willed.
The centaur shoots an arrow.
The arrow hits you.
* * * LOW HITPOINT WARNING * * *
The centaur shoots an arrow.
The arrow hits you!
* * * LOW HITPOINT WARNING * * *
The centaur shoots an arrow.
The arrow hits you.
* * * LOW HITPOINT WARNING * * *
A red film seems to cover your vision as you go berserk!
You feel yourself moving faster!
You feel mighty!
The centaur shoots an arrow.
The arrow hits you but does no damage.
The centaur shoots an arrow.
The arrow hits you but does no damage.
You are too berserk!
You feel a strong urge to attack something.
The centaur shoots an arrow.
The arrow hits you!
You die...

#...........................#....
#..#..........###..........##.###
##.##...##.......................
)...........####..........###.###
###.###.###...............# #.# #
# #...........#...........###.# #
####..........##.###.###......###
..##.............###).###.##.....
...<............@)).).###.##.....
##............#####..............
###..........###...#c###.#......
#..............###..##.#.>....
#####..#.............o........
#..#.>...........c........
#..####...#...............
########)..###...#.........#.....
#...##...#...##.........#..#.....


You could see a centaur.

Vanquished Creatures
  A shadow (D:6)
  Menkaure (D:5)
  2 water moccasins
  3 orc warriors (D:7)
  A sky beast (D:6)
  An ice beast (D:7)
  3 ogres
  4 bullfrogs
  2 scorpions (D:5)
  A wyvern zombie (D:7)
  A water moccasin zombie (D:6)
  2 centaur zombies
  A bullfrog zombie (D:6)
  2 hounds (D:4)
  3 orc priests
  A bullfrog skeleton (D:6)
  Jessica (D:3)
  An iguana (D:5)
  Natasha (thrice) (D:4)
  5 orc wizards
  2 killer bee zombies (D:6)
  A hound zombie (D:5)
  A howler monkey zombie (D:6)
  A howler monkey skeleton (D:6)
  4 adders
  A shadow imp (D:6)
  A worm (D:4)
  4 dart slugs
  20 orcs
  4 bats
  15 endoplasms
  20 giant cockroaches
  12 goblins
  10 hobgoblins
  4 jackals (D:4)
  5 kobolds
  12 quokkas
  15 ball pythons
  9 frilled lizards
  8 rats
188 creatures vanquished.

Vanquished Creatures (others)
  A plant (D:1)
  A withered plant (D:6)
2 creatures vanquished.

Grand Total: 190 creatures vanquished

Notes
Turn   | Place    | Note
-------+----------+-------------------------------------------
     0 | D:1      | mkm the Minotaur Berserker began the quest for the Orb.
     0 | D:1      | Reached XP level 1. HP: 19/19 MP: 0/0
    36 | D:1      | Found Kefecrewi's Distillery.
   216 | D:1      | Reached XP level 2. HP: 27/27 MP: 1/1
  1327 | D:2      | Found a faded altar of an unknown god.
  1341 | D:2      | Reached XP level 3. HP: 34/34 MP: 2/2
  1659 | D:2      | Reached ** piety under Trog
  2249 | D:3      | Reached skill level 5 in Fighting
  2269 | D:3      | Reached XP level 4. HP: 39/42 MP: 3/3
  2560 | D:3      | Noticed Jessica
  2579 | D:3      | Killed Jessica
  2580 | D:3      | Reached skill level 1 in Stealth
  3023 | D:4      | Reached XP level 5. HP: 33/48 MP: 4/4
  3118 | D:4      | Noticed Natasha
  3132 | D:4      | Killed Natasha
  3133 | D:4      | Reached skill level 1 in Axes
  3164 | D:4      | Found a staircase to the Ecumenical Temple.
  3206 | D:4      | Found a glowing drain.
  3230 | D:4      | Reached skill level 2 in Axes
  3231 | Sewer    | Entered a sewer
  3509 | Sewer    | Reached XP level 6. HP: 57/57 MP: 5/5
  3543 | Sewer    | Reached *** piety under Trog
  3709 | Sewer    | Reached skill level 3 in Axes
  3711 | Sewer    | Reached skill level 4 in Axes
  3890 | D:4      | Noticed Natasha
  3895 | D:4      | Killed Natasha
  3896 | D:4      | Reached XP level 7. HP: 61/63 MP: 6/6
  4108 | D:4      | Noticed Natasha
  4112 | D:4      | Killed Natasha
  4113 | D:4      | Reached skill level 5 in Axes
  4418 | D:5      | Entered Level 5 of the Dungeon
  4418 | D:5      | Noticed Menkaure
  4422 | D:5      | Killed Menkaure
  4423 | D:5      | Reached skill level 5 in Armour
  4506 | D:5      | Found Wenous's Book Emporium.
  4521 | D:5      | Found a large runed translucent door.
  4521 | D:5      | Found a large runed translucent door.
  4640 | D:5      | Reached **** piety under Trog
  4641 | D:5      | Reached skill level 6 in Axes
  5229 | D:5      | Found a snail-covered altar of Cheibriados.
  5236 | D:5      | Found a hazy altar of Hepliaklqana.
  5243 | D:5      | Reached XP level 8. HP: 70/71 MP: 7/7
  5574 | D:6      | Reached skill level 7 in Axes
  5864 | D:6      | Reached skill level 8 in Axes
  6522 | D:7      | Reached skill level 9 in Axes
  6522 | D:7      | Reached XP level 9. HP: 79/79 MP: 8/8
  7209 | D:7      | Identified the +0 scale mail of Seass {Str+3 Dex+3}
  7247 | D:7      | HP: 4/81 [centaur/arrow (4)]
  7249 | D:7      | Shot with an arrow by a centaur

Illustrated notes

Levels and vault maps discovered:
D:1:      dpeg_arrival_arbitrary_c, layout_basic, serial_shops, shop,
          serial_forest, infiniplex_forest_clump_double,
          infiniplex_forest_clump_double, infiniplex_forest_diagonal,
          infiniplex_forest_pool, infiniplex_forest_straight_3,
          infiniplex_forest_end_2, infiniplex_forest_end_2,
          infiniplex_forest_corner_1, infiniplex_forest_corner_1
D:2:      layout_loops_cross, nicolae_ecumenical_pavilion
D:3:      layout_loops_ring, uniq_jessica
D:4:      layout_cave_pools, temple_green, portal_sewer_entry_f,
          serial_column_ruins, column_ruins_hut_water,
          column_ruins_open_tiny_water, column_ruins_open_medium,
          column_ruins_open_small, column_ruins_grid_1, column_ruins_grid_2,
          item_on_display_a, uniq_natasha
D:5:      layout_gridville, jmf_multi_god_temple2, serial_shops,
          nicolae_shop_crystal, kennysheep_crisscross, minmay_misc_feat_columns,
          dk_rats_in_the_wall, uniq_menkaure
D:6:      layout_loops_ring, serial_undead, serial_undead_c, serial_undead_d,
          serial_undead_e, serial_undead_d
D:7:      layout_rooms, minmay_manual_monstrance

Skill      XL: |  1  2  3  4  5  6  7  8 |
---------------+-------------------------+-----
Fighting       | 4 5 6 7 |  7.8
Dodging        | 3 4 |  4.3
Armour         | 3 4 5 7 |  7.8
Stealth        | 1 |  1.9
Axes           | 2 4 6 9 |  9.8
Maces & Flails | |  3.6

Action                   |  1- 3 |  4- 6 |  7- 9 || total
-------------------------+-------+-------+-------++-------
Melee: Mace              |    83 |       |       ||    83
       Headbutt          |    13 |    26 |    36 ||    75
       War axe           |       |   180 |   167 ||   347
       Punch             |       |     3 |     4 ||     7
Invok: Trog's Hand       |       |     4 |     5 ||     9
       Berserk           |       |     1 |     1 ||     2
  Use: Scroll            |     4 |     1 |     5 ||    10
 Stab: Sleeping          |     1 |       |       ||     1
Armor: Animal skin       |     9 |       |       ||     9
       Leather armour    |     8 |       |       ||     8
       Scale mail        |       |   100 |    48 ||   148
       Plate armour      |       |       |    17 ||    17
Dodge: Dodged            |    63 |   119 |    73 ||   255
